 Dungeon Crawl Stone Soup version 0.18.1-2-ga659475 (webtiles) character file.

3474 imganon the Cleaver (level 9, -3/56 HPs)
             Began as a Demonspawn Berserker on May 8, 2016.
             Was an Elder of Trog.
             Slain by a white ugly thing (12 damage)
             ... on level 10 of the Dungeon.
             The game lasted 00:19:32 (8181 turns).

imganon the Cleaver (Demonspawn Berserker)          Turns: 8181, Time: 00:19:32

Health: -3/56      AC: 14    Str: 21    XL:     9   Next: 79%
Magic:  0/9        EV:  6    Int: 14    God:    Trog [****..]
Gold:   479        SH:  0    Dex: 14    Spells: 0 memorised, 8 levels left

rFire  . . .     SeeInvis .     t - +3 hand axe
rCold  . . .     Gourm    .     j - +0 plate armour
rNeg   . . .     Faith    .     (no shield)
rPois  .         Spirit   +     s - +0 hat
rElec  .         Dismiss  .     E - +0 cloak
rCorr  .         Reflect  .     p - +0 pair of gloves
SustAt .         Harm     .     (no boots)
MR     .....     Clarity  +     (no amulet)
Stlth  ..........               (no ring)
                                y - +3 ring of intelligence

@: not resistant to hostile enchantments, extremely unstealthy
A: antennae 1, thin metallic scales 1, agile 1, clarity, clever 1, demonic
guardian 2, frail 1, wild magic 1, magic shield, magic regeneration
a: Berserk, Trog's Hand, Brothers in Arms, Burn Spellbooks, Renounce Religion


You were on level 10 of the Dungeon.
You worshipped Trog.
Trog was greatly pleased with you.
You were not hungry.

You visited 1 branch of the dungeon, and saw 10 of its levels.

You collected 479 gold pieces.

Inventory:

Hand Weapons
 t - a +3 hand axe (weapon)
Armour
 j - a +0 plate armour (worn)
 p - a +0 pair of gloves (worn)
 s - a +0 hat (worn)
 E - a +0 cloak (worn)
Jewellery
 y - a +3 ring of intelligence (left hand)
Wands
 d - a wand of lightning (7/15)
 m - a wand of slowing (26/48)
 u - a wand of confusion (16/48)
 C - a wand of flame (22/48)
 G - a wand of flame (32/48)
 I - a wand of flame (24/48)
Scrolls
 b - 4 scrolls of teleportation {unknown}
 h - a scroll of recharging {unknown}
 i - a scroll of fog
 k - a scroll of enchant weapon {unknown}
 l - 11 scrolls of identify {unknown}
 v - a scroll of amnesia {unknown}
 B - 2 scrolls of random uselessness {unknown}
 H - a scroll of noise {unknown}
 J - 2 scrolls of magic mapping {unknown}
 L - 2 scrolls of remove curse {unknown}
Potions
 e - a potion of brilliance {unknown}
 f - 2 potions of degeneration {unknown}
 g - a potion of berserk rage {unknown}
 o - a potion of flight {unknown}
 q - 2 potions of invisibility {unknown}
 r - a potion of curing
 w - 2 potions of might {unknown}
 x - 2 potions of heal wounds {unknown}
 z - a potion of resistance
 A - 2 potions of ambrosia {unknown}
 F - a potion of lignification {unknown}
Comestibles
 a - 6 chunks of flesh
 c - 5 bread rations
 n - 24 fruits
 D - 2 beef jerkies


   Skills:
 - Level 3.0 Fighting
 + Level 12.7 Axes
 - Level 1.7 Armour
 - Level 1.7 Dodging


You had 8 spell levels left.
You didn't know any spells.

Dungeon Overview and Level Annotations

Branches:
Dungeon (10/15)            Temple (0/1) D:6            Lair (0/8) D:10
    Orc (0/2) D:10

Altars:
Cheibriados
Dithmenos
Fedhas
Makhleb
Okawaru
Qazlal
Yredelemnul
Zin
The Shining One

Shops:
D:5 (   D:8 *

Annotations:
D:9 exclusion: oklob plant


Innate Abilities, Weirdness & Mutations

You have a pair of small antennae on your head.
You are partially covered in thin metallic scales (AC +2).
A demonic guardian rushes to your aid.
When hurt, damage is shared between your health and your magic reserves.
You regenerate magic rapidly.
You are agile. (Dex +2)
You possess an exceptional clarity of mind.
Your mind is acute. (Int +2)
You are frail (-10% HP).
Your spells are a little harder to cast, but a little more powerful.


Message History

Okay, then.
Read which item? (? for menu, Esc to quit)
As you read the scroll labeled XAGIMO ULANT, it crumbles to dust.
The scroll dissolves into smoke.
It was a scroll of fog.
The centaur warrior shoots an arrow.
The arrow misses your ice devil. The arrow closely misses you.
The centaur warrior unwields an uncursed shortbow.
The centaur warrior hits your ice devil but does no damage.
Your ice devil closely misses the centaur warrior.
The centaur warrior wields an uncursed shortbow.
The centaur warrior shoots an arrow.
The arrow barely misses you.
Your ice devil hits the centaur warrior but does no damage.
Read which item? (? for menu, Esc to quit)
As you read the scroll of fog, it crumbles to dust.
The scroll dissolves into smoke.
The white ugly thing closely misses you.
The white ugly thing claws you.
* * * LOW HITPOINT WARNING * * *
The white ugly thing freezes you!
You die...

........................
......................#
......................#
...........#####......#
#####......#...#......#
#......#...'......#
#......#...#.§§...# .
>.....#####§§§...# ###
.# ........@u§...#
..##.# #########§§..§###
...[? #...4§§.##...#
#...c§c..#..#
#...§§§..#..#
#........cC.#
#........#.....#
..........#.[..##
..........###..##


You could see a white ugly thing and a centaur warrior.

Vanquished Creatures
  Maurice (D:9)
  Psyche (D:8)
  An ice beast (D:6)
  A sky beast (D:8)
  A phantom (D:5)
  A wasp (D:8)
  An orc warrior (D:9)
  4 ogres
  A big kobold (D:8)
  Blork the orc (D:6)
  3 giant frogs
  3 wights (D:9)
  2 crimson imps
  2 centaur zombies
  A quasit (D:7)
  3 orc priests
  Crazy Yiuf (D:7)
  A hound (D:4)
  A centaur skeleton (D:5)
  A giant frog skeleton (D:6)
  4 iguanas
  2 orc wizards
  5 worker ants
  A hound skeleton (D:7)
  A mummy (D:5)
  2 worker ant zombies
  A howler monkey skeleton (D:7)
  3 gnolls
  8 adders
  3 shadow imps
  2 oozes
  An adder zombie (D:5)
  An adder skeleton (D:7)
  4 worms
  4 dart slugs
  2 giant geckos
  17 orcs
  4 bats
  13 giant cockroaches
  6 goblins
  3 hobgoblins
  3 quokkas
  A ball python (D:5)
  5 giant newts
  4 kobolds
  8 rats
  A spectral orc (D:2)
140 creatures vanquished.

Vanquished Creatures (collateral kills)
  A komodo dragon (D:10)
  Grinder (D:5)
  A wyvern (D:8)
  2 hungry ghosts
  2 orc warriors
  2 ogres
  4 gnolls
  A giant gecko (D:3)
  2 orcs (D:7)
16 creatures vanquished.

Vanquished Creatures (others)
  10 fungi (D:4)
  A plant (D:10)
11 creatures vanquished.

Grand Total: 167 creatures vanquished

Notes
Turn   | Place    | Note
--------------------------------------------------------------
     0 | D:1      | imganon the Demonspawn Berserker began the quest for the Orb.
     0 | D:1      | Reached XP level 1. HP: 18/18 MP: 1/1
   250 | D:1      | Reached skill level 3 in Axes
   587 | D:2      | Found a basalt altar of Yredelemnul.
   595 | D:2      | Gained mutation: A weak demonic guardian rushes to your aid. [demonic ancestry]
   595 | D:2      | Reached XP level 2. HP: 22/24 MP: 2/2
   808 | D:2      | Found a shadowy altar of Dithmenos.
   947 | D:2      | Gained mutation: You have a pair of small antennae on your head. [demonic ancestry]
   947 | D:2      | Reached XP level 3. HP: 20/29 MP: 3/3
  1053 | D:2      | Reached skill level 4 in Axes
  1311 | D:3      | Reached ** piety under Trog
  1327 | D:3      | Gained mutation: When hurt, damage is shared between your health and your magic reserves. [demonic ancestry]
  1327 | D:3      | Reached XP level 4. HP: 7/35 MP: 4/4
  2401 | D:3      | Reached skill level 5 in Axes
  2619 | D:4      | Reached *** piety under Trog
  2619 | D:4      | Gained mutation: You regenerate magic rapidly. [demonic ancestry]
  2619 | D:4      | Reached XP level 5. HP: 26/41 MP: 3/5
  3054 | D:4      | Reached skill level 6 in Axes
  3501 | D:5      | Entered Level 5 of the Dungeon
  3553 | D:5      | Noticed Grinder
  3560 | D:5      | Paralysed by Grinder for 7 turns
  3569 | D:5      | Gained mutation: You are partially covered in thin metallic scales (AC +2). [demonic ancestry]
  3569 | D:5      | Reached XP level 6. HP: 35/47 MP: 6/6
  3577 | D:5      | Gained mutation: You are frail (-10% HP). [potion of mutation]
  3577 | D:5      | Gained mutation: Your spells are a little harder to cast, but a little more powerful. [potion of mutation]
  3580 | D:5      | Killed Grinder
  3587 | D:5      | Reached skill level 7 in Axes
  3849 | D:5      | Gained mutation: A demonic guardian rushes to your aid. [demonic ancestry]
  3849 | D:5      | Reached XP level 7. HP: 46/46 MP: 7/7
  4026 | D:5      | Found a snail-covered altar of Cheibriados.
  4197 | D:5      | Reached skill level 8 in Axes
  4659 | D:5      | Found Buqous's Antique Weapon Shop.
  4738 | D:5      | Reached **** piety under Trog
  4787 | D:6      | Found a glowing golden altar of the Shining One.
  4796 | D:6      | Found a stormy altar of Qazlal.
  4922 | D:6      | Gained mutation: You are agile. (Dex +2) [potion of mutation]
  4923 | D:6      | Gained mutation: Your mind is acute. (Int +2) [potion of mutation]
  4923 | D:6      | Gained mutation: You possess an exceptional clarity of mind. [potion of mutation]
  5056 | D:6      | Reached skill level 9 in Axes
  5056 | D:6      | Reached XP level 8. HP: 52/52 MP: 6/8
  5278 | D:6      | Noticed Blork the orc
  5284 | D:6      | Killed Blork the orc
  5460 | D:6      | Found a staircase to the Ecumenical Temple.
  5734 | D:7      | Noticed Crazy Yiuf
  5741 | D:7      | Killed Crazy Yiuf
  6016 | D:7      | Found an iron altar of Okawaru.
  6062 | D:7      | Reached skill level 10 in Axes
  6240 | D:7      | Found a glowing silver altar of Zin.
  6241 | D:7      | Found a burning altar of Makhleb.
  6242 | D:7      | Noticed an angel
  6243 | D:7      | Noticed a green death
  6293 | D:8      | Found Icry's Assorted Antiques.
  6567 | D:8      | Noticed Psyche
  6571 | D:8      | Reached skill level 11 in Axes
  6575 | D:8      | Killed Psyche
  6575 | D:8      | Reached XP level 9. HP: 56/56 MP: 9/9
  6939 | D:9      | Noticed an oklob plant
  7262 | D:9      | Noticed Maurice
  7403 | D:9      | Killed Maurice
  7403 | D:9      | Reached skill level 12 in Axes
  7834 | D:9      | Found a stormy altar of Qazlal.
  8035 | D:9      | Found a blossoming altar of Fedhas.
  8096 | D:10     | Entered Level 10 of the Dungeon
  8110 | D:10     | Found a staircase to the Orcish Mines.
  8111 | D:10     | Found a staircase to the Lair.
  8112 | D:10     | Noticed a komodo dragon
  8151 | D:10     | Killed a komodo dragon
  8167 | D:10     | Noticed a white ugly thing
  8168 | D:10     | Noticed a centaur warrior
  8168 | D:10     | Noticed a cyclops
  8181 | D:10     | Slain by a white ugly thing

Skill      XL: |  1  2  3  4  5  6  7  8  9 |
---------------+----------------------------+-----
Axes           | 3 4 5 6 7 9 11 12 | 12.7
Fighting       | |  3.0
Armour         | |  1.7
Dodging        | |  1.7

Action                   |  1- 3 |  4- 6 |  7- 9 || total
-------------------------+-------+-------+-------++-------
Melee: Hand axe          |    80 |   185 |   450 ||   715
Invok: Berserk           |       |     2 |     3 ||     5
       Trog's Hand       |       |       |     1 ||     1
  Use: Potion            |       |     1 |     2 ||     3
       Scroll            |       |       |     2 ||     2
  Eat: Chunk             |     1 |     9 |     9 ||    19
       Beef jerky        |       |     1 |     2 ||     3
       Fruit             |       |       |     4 ||     4
       Meat ration       |       |       |     1 ||     1
       Pizza             |       |       |     2 ||     2
Armor: Animal skin       |     2 |       |       ||     2
       Leather armour    |     4 |       |       ||     4
       Ring mail         |    12 |    64 |   121 ||   197
       Chain mail        |       |    12 |       ||    12
       Plate armour      |       |       |     8 ||     8
Dodge: Dodged            |    61 |    94 |   164 ||   319
